 Adventure DCSS version bcrawl-1.23.1 (webtiles) character file.

Game seed: 13476791204191305658

602 funkygono the Shield-Bearer (level 7, 0/44 HPs)
             Began as a Gargoyle Fighter on May 25, 2020.
             Was a Believer of Okawaru.
             Killed by divine providence
             ... invoked by an orc priest
              (10 damage)
             ... on level 4 of the Dungeon.
             The game lasted 00:08:55 (3464 turns).

funkygono the Shield-Bearer (Gargoyle Fighter)      Turns: 3464, Time: 00:08:56

Health: 0/44       AC: 20    Str: 24    XL:     7   Next: 41%
Magic:  7/7        EV:  4    Int:  9    God:    Okawaru [**....]
Gold:   146        SH: 10    Dex:  9    Spells: 6/6 levels left
                                        Lives:  0   Deaths: 2

rFire    . . .     SeeInvis .   a - +0 flail
rCold    . . .     Gourm    .   c - +0 medium shield
rNeg     + . .     Faith    +   q - +0 plate armour
rPois    ∞         Spirit   .   (no helmet)
rElec    +         Reflect  .   i - +2 cloak
rCorr    .         Harm     .   (no gloves)
MR       .....                  (no boots)
Stlth    ..........             n - amulet of faith
HPRegen  0.14/turn              j - +3 ring of strength
MPRegen  0.10/turn              (no ring)

@: no status effects
A: negative energy resistance 1, electricity resistance, unbreathing,
petrification resistance, rot immunity, AC +4
a: Heroism, Renounce Religion


You were on level 4 of the Dungeon.
You worshipped Okawaru.
Okawaru was pleased with you.
You were not hungry.

You visited 1 branch of the dungeon, and saw 4 of its levels.

You collected 146 gold pieces.

Inventory:

Hand Weapons
 a - a +0 flail (weapon)
Missiles
 g - 1063 stones (quivered)
 k - 536 arrows
Armour
 c - a +0 medium shield (worn)
 i - a +2 cloak (worn)
 q - a +0 plate armour (worn)
Jewellery
 j - a +3 ring of strength (left hand)
 n - an amulet of faith (around neck)
Wands
 p - a wand of paralysis (11)
Scrolls
 b - a scroll of magic mapping
 m - a scroll of fear
 s - a scroll of vulnerability {unknown}
Potions
 d - 2 potions of might
 f - 2 potions of lignification
 h - a potion of magic {unknown}
 l - 2 potions of curing {unknown}
 o - 4 potions of heal wounds {unknown}
Comestibles
 e - 4 rations {!d}
 r - 11 chunks of flesh


   Skills:
 + Level 5.1 Fighting
 + Level 5.8 Maces & Flails
 + Level 4.8 Armour
 + Level 1.5 Dodging
 + Level 0.5 Stealth
 + Level 6.2 Shields
 + Level 0.6 Invocations


You had 6 spell levels left.
You didn't know any spells.
Your spell library was empty.

Dungeon Overview and Level Annotations

Branches:
Dungeon (4/12)
 Temple: D:4-7

Altars:
Elyvilon
Lugonu
Makhleb
Nemelex Xobeh
Okawaru
Qazlal
The Shining One


Innate Abilities, Weirdness & Mutations

You are resistant to torment.
Your stone body is resilient. (AC +4)
You are immune to poison.
You resist negative energy. (rN+)
You are resistant to electric shocks. (rElec)
You can survive without breathing.
You are immune to petrification.
You are immune to rotting.


Message History

The gnoll hits you with a +0 halberd! The gnoll barely misses you.
The orc priest invokes the aid of Beogh against you.
Beogh smites you!
You hit the gnoll but do no damage.
The gnoll is almost dead.
The gnoll closely misses you. The gnoll hits you but does no damage.
You barely miss the gnoll.
The gnoll is almost dead.
The gnoll completely misses you. You block the gnoll's attack.
You thump the gnoll!
You kill the gnoll!
Okawaru accepts your kill.
The orc priest mumbles some strange prayers to Beogh against you.
Beogh smites you!
* * * LOW HITPOINT WARNING * * *
The gnoll hits you but does no damage.
Your plate armour prevents you from hitting the gnoll.
The orc priest mumbles some strange prayers to Beogh against you.
Beogh smites you!
You die...

#........###..........##.#....
#........#≈#..........##.#....
#..#'#..##.#..........##.#....
####_#####≈####..###..##......
#'#...#≈#.....# #..##......
#.#.###≈####..###..##.....#
#.....#≈####..............#
###.#.#÷#.##...##..###....#
#.#..)..@go..............
#.#####)##..#..#.######## #.#
#.##..#....# # #..
#.##.....#.# # ###
..##.##.##.######## ...... ...
........ ######. .#.######## .
.#


You could see an orc priest and a gnoll.

Vanquished Creatures
  The ghost of dscm the Skirmisher, an amateur OpAc of the Shining One (D:4)
  Sigmund (D:3)
  2 sky beasts (D:4)
  An ogre (D:4)
  A centaur (D:3)
  A howler monkey (D:4)
  A hound (D:3)
  Terence (D:2)
  An iguana (D:3)
  A worker ant (D:4)
  3 gnolls (D:4)
  3 adders
  2 worms
  2 dart slugs (D:1)
  3 leopard geckos
  10 orcs
  A ball python (D:4)
  5 bats
  3 giant cockroaches
  3 goblins (D:1)
  5 hobgoblins
  4 jackals (D:3)
  5 kobolds
  3 quokkas
  3 frilled lizards
  6 rats
72 creatures vanquished.

Notes
Turn   | Place    | Note
-------+----------+-------------------------------------------
     0 | D:1      | funkygono the Gargoyle Fighter began the quest for the Orb.
     0 | D:1      | Reached XP level 1. HP: 14/14 MP: 1/1
   228 | D:1      | Found an iron altar of Okawaru.
   229 | D:1      | Reached XP level 2. HP: 19/19 MP: 2/2
   309 | D:1      | Became a worshipper of Warmaster Okawaru
   629 | D:1      | Reached XP level 3. HP: 23/23 MP: 3/3
  1086 | D:2      | Found a glowing golden altar of the Shining One.
  1224 | D:2      | Reached skill level 4 in Shields
  1363 | D:2      | Reached skill level 1 in Dodging
  1470 | D:2      | Found a sparkling altar of Nemelex Xobeh.
  1607 | D:2      | Noticed Terence
  1621 | D:2      | Killed Terence
  1621 | D:2      | Reached XP level 4. HP: 29/29 MP: 4/4
  1698 | D:3      | Found a white marble altar of Elyvilon.
  1810 | D:3      | Reached XP level 5. HP: 30/33 MP: 5/5
  1831 | D:3      | Found a stormy altar of Qazlal.
  1879 | D:3      | Found a burning altar of Makhleb.
  2110 | D:3      | Noticed a centaur
  2119 | D:3      | Killed a centaur
  2156 | D:3      | Noticed Sigmund
  2175 | D:3      | Reached XP level 6. HP: 24/38 MP: 6/6
  2203 | D:3      | Killed Sigmund
  2203 | D:3      | Reached * piety under Okawaru
  2203 | D:3      | Reached skill level 5 in Shields
  2615 | D:4      | Mangled by an ogre
  2616 | D:4      | Reached XP level 5. HP: -6/33 MP: 5/5
  2642 | D:4      | Noticed a sky beast
  2651 | D:4      | Killed an ogre
  2651 | D:4      | Reached XP level 6. HP: 14/39 MP: 6/6
  2683 | D:4      | Killed a sky beast
  2683 | D:4      | Reached skill level 5 in Maces & Flails
  2935 | D:4      | Found a corrupted altar of Lugonu.
  2940 | D:4      | Found a runed translucent door.
  2945 | D:4      | Noticed dscm's ghost (amateur OpAc)
  2952 | D:4      | Killed from afar by an orc priest
  2953 | D:4      | Reached XP level 5. HP: -3/34 MP: 5/5
  2981 | D:4      | Noticed a sky beast
  3004 | D:4      | Killed a sky beast
  3004 | D:4      | Reached ** piety under Okawaru
  3004 | D:4      | Reached XP level 6. HP: 31/39 MP: 6/6
  3392 | D:4      | Killed dscm's ghost
  3392 | D:4      | Reached *** piety under Okawaru
  3392 | D:4      | Reached skill level 5 in Fighting
  3392 | D:4      | Reached skill level 6 in Shields
  3392 | D:4      | Reached XP level 7. HP: 34/44 MP: 7/7
  3464 | D:4      | Killed from afar by an orc priest

Skill      XL: |  1  2  3  4  5  6 |
---------------+-------------------+-----
Shields        | 4 6 |  6.2
Dodging        | 1 |  1.5
Maces & Flails | 3 5 |  5.8
Fighting       | 4 5 |  5.1
Armour         | 4 |  4.8
Stealth        | |  0.5
Invocations    | |  0.6

Action                   |  1- 3 |  4- 6 |  7- 9 || total
-------------------------+-------+-------+-------++-------
Melee: Flail             |   163 |   275 |    15 ||   453
Invok: Heroism           |       |     8 |     1 ||     9
  Use: Scroll            |     1 |     4 |       ||     5
  Eat: Chunk             |     2 |     4 |       ||     6
Armor: Scale mail        |   126 |    25 |       ||   151
       Plate armour      |       |   151 |     9 ||   160
Dodge: Dodged            |    33 |    31 |     8 ||    72
Block: Medium shield     |    90 |   116 |     6 ||   212
